 Dungeon Crawl Stone Soup version 0.15-a0-413-gc6111ba (webtiles) character file.

2336 4tharraofdagon the Quickloader (level 9, 0/59 HPs)
             Began as a Kobold Hunter on May 5, 2014.
             Was a Follower of Cheibriados.
             Slain by a door mimic (5 damage)
             ... on Level 10 of the Dungeon.
             The game lasted 00:19:04 (2373 turns).

4tharraofdagon the Quickloader (Kobold Hunter)      Turns: 2373, Time: 00:19:04

HP   0/59        AC  9     Str 17      XL: 9   Next: 65%
MP   9/9         EV  8     Int 12      God: Cheibriados [*.....]
Gold 67          SH  0     Dex 17      Spells:  0 memorised,  8 levels left

rFire  . . .     SeeInvis .       - Unarmed
rCold  . . .     Rnd*Rage +     r - -2 chain mail
rNeg   . . .     Conserve .     (no shield)
rPois  .         rCorr    .     k - -1 helmet
rElec  .         rRot     .     (no cloak)
SustAb + .       Spirit   .     C - +2 pair of gloves
rMut   .         Warding  .     (no boots)
Saprov + + .     Stasis   .     (no amulet)
MR     +....                    q - +1 ring of intelligence
                                l - ring of sustain abilities

@: very slightly contaminated, very slow, somewhat resistant to hostile
enchantments, extremely unstealthy
A: disease resistance, berserk 1, carnivore 3, magic resistance 1, robust 1,
saprovore 2
a: Bend Time, Renounce Religion


You were on level 10 of the Dungeon.
You worshipped Cheibriados.
Cheibriados was aware of your devotion.
You were not hungry.

You visited 2 branches of the dungeon, and saw 13 of its levels.

You collected 254 gold pieces.
You spent 187 gold pieces at shops.

Inventory:

Hand weapons
 a - a +0,+0 short sword
 b - a +1,+1 crossbow
 o - a +0,+0 crossbow
 s - a +3,+5 crossbow of evasion
Missiles
 c - 6 bolts
 j - 15 exploding darts (quivered)
 D - 4 tomahawks
Armour
 d - a +0 leather armour
 k - a -1 helmet (worn)
 r - a -2 chain mail (worn)
 C - a +2 pair of gloves (worn)
Magical devices
 u - a wand of polymorph (0)
 y - a wand of digging (12)
Comestibles
 f - a meat ration
 m - 3 chokos
 n - a slice of pizza
Scrolls
 g - a scroll of identify
 i - 2 scrolls of remove curse
 x - a scroll of magic mapping
 B - a scroll of vulnerability
Jewellery
 l - a ring of sustain abilities (left hand)
 q - a +1 ring of intelligence (right hand)
Potions
 e - a potion of haste
 h - 3 potions of curing
 p - a potion of poison
 w - a potion of confusion
 A - a potion of magic
 E - a potion of resistance
Books
 v - a book of Power

   Spells                             Type                      Level
   Fulminant Prism                    Conjuration/Hexes            4
   Iskenderun's Mystic Blast          Conjuration                  4
   Venom Bolt                         Conjuration/Poison           5
   Bolt of Magma                      Conjuration/Fire/Earth       5
   Iron Shot                          Conjuration/Earth            6
   Orb of Destruction                 Conjuration                  7


   Skills:
 + Level 5.0 Fighting
 - Level 12.3 Crossbows
 + Level 3.2 Dodging
 + Level 3.0 Stealth
 * Level 4.8 Unarmed Combat


You had 8 spell levels left.
You didn't know any spells.

Dungeon Overview and Level Annotations

Branches:
Dungeon (12/15)            Temple (1/1) D:7
    Orc: D:9-12        Lair: D:8-11

Altars:
Ashenzari
Cheibriados
Dithmenos
Elyvilon
Fedhas
Kikubaaqudgha
Makhleb
Nemelex Xobeh
Okawaru
Sif Muna
Trog
Vehumet
Xom
Yredelemnul
Zin
The Shining One

Shops:
D:10 !

Annotations:
D:6 Amnesiac's ghost, experienced HaEn


Innate Abilities, Weirdness & Mutations

You recuperate from illness quickly.
You are small and have problems with some larger weapons.
You are carnivorous and can eat meat at any time.
You can eat rotten meat.
You tend to lose your temper in combat.
You are resistant to hostile enchantments.
You are robust (+10% HP).


Message History

Found 19 gold pieces.
The door mimic completely misses you.
The door mimic snaps closed at you but does no damage.
You flicker for a moment.
You open the door. The door mimic closely misses you.
The door mimic closely misses you.
Unknown command.
You feel a little less agile now. The door mimic snaps closed at you!
* * * LOW HITPOINT WARNING * * *
The door mimic snaps closed at you but does no damage.
There is an open door here.
Unknown command.
Unknown command.
There is an open door here.
Unknown command.
You flicker back into view.
The door mimic snaps closed at you but does no damage.
The door mimic snaps closed at you.
You die...

###########+#####...#########
................#....#...$.,*
................#....#......*
................#....#......*
................#....#......#
................#....#.....,*
................#....#...,,,*
############'####+#'##.######
........#.......@.#.........#
........#.........#.........#
........'.........#....>....#
........#.........#.........#
........#.........#.........#
........#.........#.........#
#############################


You could see a door mimic.

Vanquished Creatures
  A mana viper (shapeshifter) (D:10)
  The ghost of nickanc the Magician, an experienced OpWz (D:4)
  A centaur skeleton (D:11)
  A two-headed ogre (D:9)
  A hungry ghost (D:11)
  A water moccasin (D:5)
  3 ice beasts
  A sky beast (D:5)
  A phantom (D:9)
  A giant frog (D:11)
  A yak skeleton (D:9)
  A jelly (D:10)
  A crimson imp (D:9)
  A giant frog skeleton (D:9)
  3 hounds
  Natasha (D:5)
  3 worker ants
  An iguana (D:7)
  An orc wizard (D:9)
  A worker ant zombie (D:6)
  6 adders
  A gnoll (D:7)
  2 giant mites
  A worm (D:2)
  2 giant eyeballs
  2 giant geckos
  An ooze (D:6)
  9 orcs
  A giant cockroach (D:1)
  6 hobgoblins
  5 kobolds
  A ball python (D:4)
  3 bats
  3 giant newts
  6 goblins
  2 quokkas
  5 rats
82 creatures vanquished.

Notes
Turn   | Place    | Note
--------------------------------------------------------------
     0 | D:1      | 4tharraofdagon, the Kobold Hunter, began the quest for the Orb.
     0 | D:1      | Reached XP level 1. HP: 12/12 MP: 1/1
    40 | D:1      | Reached skill level 5 in Crossbows
   118 | D:2      | Reached XP level 2. HP: 16/16 MP: 2/2
   288 | D:4      | Reached skill level 6 in Crossbows
   288 | D:4      | Reached XP level 3. HP: 20/20 MP: 3/3
   314 | D:4      | Reached XP level 4. HP: 21/25 MP: 4/4
   317 | D:4      | Noticed nickanc's ghost (experienced OpWz)
   326 | D:4      | Killed nickanc's ghost
   326 | D:4      | Reached skill level 8 in Crossbows
   326 | D:4      | Reached XP level 5. HP: 5/29 MP: 5/5
   326 | D:4      | Reached XP level 6. HP: 5/34 MP: 6/6
   396 | D:5      | Entered Level 5 of the Dungeon
   406 | D:5      | Reached skill level 9 in Crossbows
   477 | D:5      | Noticed a water moccasin
   559 | D:6      | Reached XP level 7. HP: 23/38 MP: 7/7
   587 | D:6      | Noticed Amnesiac's ghost (experienced HaEn)
   598 | D:6      | Noticed an ice beast
   606 | D:6      | Killed an ice beast
   704 | D:5      | Killed a water moccasin
   704 | D:5      | Reached skill level 10 in Crossbows
   760 | D:5      | Noticed Natasha
   763 | D:5      | Noticed a sky beast
   765 | D:5      | Killed Natasha
   780 | D:5      | Killed a sky beast
   867 | D:4      | Reached XP level 8. HP: 22/43 MP: 8/8
  1046 | D:6      | Noticed an orc warrior
  1170 | D:7      | Found a staircase to the Ecumenical Temple.
  1178 | Temple   | Entered the Ecumenical Temple
  1213 | Temple   | Became a worshipper of Cheibriados the Contemplative
  1281 | D:7      | Reached skill level 11 in Crossbows
  1314 | D:6      | WTF
  1344 | D:7      | SO BAD
  1344 | D:7      | 11 xbows+chei stats
  1344 | D:7      | still 20misses against adler
  1621 | D:10     | Entered Level 10 of the Dungeon
  1780 | D:9      | Noticed a two-headed ogre
  1784 | D:9      | Killed a two-headed ogre
  1784 | D:9      | Reached skill level 12 in Crossbows
  1928 | D:10     | Reached XP level 9. HP: 22/51 MP: 9/9
  2015 | D:10     | Noticed a draconian
  2017 | D:10     | WTF
  2020 | D:10     | Noticed a seven-headed hydra skeleton
  2023 | D:10     | Identified a scroll of acquirement
  2023 | D:10     | Noticed a mana viper
  2023 | D:10     | a draconian changed into a mana viper
  2027 | D:10     | Killed a mana viper
  2127 | D:10     | Paralysed by a giant eyeball for 3 turns
  2136 | D:10     | Paralysed by a giant eyeball for 2 turns
  2166 | D:10     | Found Xomoahef's Distillery.
  2173 | D:10     | Bought a potion of mutation for 32 gold pieces
  2174 | D:10     | Gained mutation: You tend to lose your temper in combat. [potion of mutation]
  2174 | D:10     | Gained mutation: You are resistant to hostile enchantments. [potion of mutation]
  2174 | D:10     | Gained mutation: You are robust (+10% HP). [potion of mutation]
  2175 | D:10     | not bad
  2175 | D:10     | Bought a potion of poison for 13 gold pieces
  2175 | D:10     | Bought a potion of curing for 26 gold pieces
  2175 | D:10     | Bought a potion of invisibility for 71 gold pieces
  2175 | D:10     | Bought a potion of confusion for 13 gold pieces
  2175 | D:10     | Bought a potion of agility for 32 gold pieces
  2302 | D:11     | Reached skill level 5 in Fighting
  2303 | D:11     | Paralysed by a giant eyeball for 4 turns
  2356 | D:12     | Noticed a hill giant
  2357 | D:12     | WTF
  2357 | D:12     | Noticed a five-headed hydra
  2373 | D:10     | Slain by a door mimic

Action                   |  1- 3 |  4- 6 |  7- 9 || total
-------------------------+-------+-------+-------++-------
Melee: Unarmed           |       |       |    56 ||    56
       Short sword       |       |       |    10 ||    10
 Fire: Crossbow          |    32 |    48 |   168 ||   248
Throw: Dart              |       |       |    10 ||    10
Evoke: Wand              |       |       |     6 ||     6
  Use: Potion            |       |     1 |     5 ||     6
       Scroll            |       |       |    18 ||    18
